 Dungeon Crawl Stone Soup version 0.26-a0-1181-gd376ed14c5 (webtiles) character file.

Game seed: 2795553953127875574

932 HoaS the Grappler (level 8, 0/61 HPs)
             Began as a Ghoul Gladiator on Dec 26, 2020.
             Slain by a gnoll zombie (5 damage)
             ... in an ossuary.
             The game lasted 00:08:25 (3529 turns).

HoaS the Grappler (Ghoul Gladiator)                 Turns: 3529, Time: 00:08:26

Health: 0/61       AC:  8    Str: 20    XL:     8   Next: 11%
Magic:  7/7        EV: 11    Int:  3    God:
Gold:   323        SH:  0    Dex: 16    Spells: 7/7 levels left

rFire    + . .     SeeInvis .     - Unarmed
rCold    + + .     Faith    .   (no shield)
rNeg     + + +     Spirit   .   f - +0 scale mail
rPois    ∞         Reflect  .   b - +1 helmet
rElec    .         Harm     .   n - scarf {rC+ rF+}
rCorr    .         Rampage  .   (no gloves)
Will     .....                  (no boots)
Stlth    ..........             (no amulet)
HPRegen  0.00/turn              k - +6 ring of dexterity
MPRegen  0.10/turn              (no ring)

@: no status effects
A: claws 1, cold resistance 1, negative energy resistance 3, inhibited
regeneration, torment resistance, unbreathing
a: no special abilities


You were in an ossuary.
You visited 1 branch of the dungeon, and saw 5 of its levels.
You also visited: Ossuary.

You collected 323 gold pieces.

Inventory:

Missiles
 c - 4 throwing nets (quivered)
Armour
 b - a +1 helmet (worn)
 f - a +0 scale mail (worn)
 n - a scarf of resistance (worn)
Jewellery
 k - a +6 ring of dexterity (left claw)
Wands
 i - a wand of acid (10)
 o - a wand of iceblast (8)
Scrolls
 e - 5 scrolls of teleportation
 l - 3 scrolls of fear
 r - a scroll of identify
 s - a scroll of remove curse
 u - a scroll of enchant weapon {unknown}
Potions
 a - a potion of brilliance {unknown}
 d - 2 potions of resistance {unknown}
 g - a potion of lignification {unknown}
 h - a potion of curing {unknown}
 j - 2 potions of flight {unknown}
 m - a potion of ambrosia {unknown}
 p - a potion of mutation {unknown}
 q - a potion of haste {unknown}
 t - a potion of heal wounds {unknown}


   Skills:
 - Level 2.1 Fighting
 - Level 1.7 Throwing
 - Level 2.6 Dodging
 + Level 10.3 Unarmed Combat


You had 7 spell levels left.
You didn't know any spells.
Your spell library was empty.

Dungeon Overview and Level Annotations

Branches:
Dungeon (5/15)            Ossuary (1/1)
 Temple: D:4-7

Altars:
Cheibriados
Dithmenos
Fedhas
Qazlal
Sif Muna
Wu Jian


Innate Abilities, Weirdness & Mutations

You thrive by killing the living.
You are immune to poison.
You have sharp fingernails.
Your flesh is cold resistant. (rC+)
You are immune to negative energy. (rN+++)
You do not regenerate when monsters are visible.
You are immune to unholy pain and torment.
You can survive without breathing.


Message History

The hound zombie bites you.
* * * LOW HITPOINT WARNING * * *
The adder zombie bites you but does no damage.
The human zombie hits you but does no damage.
The adder zombie closely misses you. The rat zombie closely misses you.
You scratch the gnoll zombie.
The gnoll zombie is severely damaged.
The hound zombie bites you.
* * * LOW HITPOINT WARNING * * *
The gnoll zombie closely misses you. The adder zombie barely misses you.
The gnoll zombie barely misses you.
The gnoll zombie hits you but does no damage.
The human zombie closely misses you.
The hound zombie bites you but does no damage.
You claw the gnoll zombie!
You destroy the gnoll zombie!
The adder zombie barely misses you.
The adder zombie bites you but does no damage.
The gnoll zombie hits you.
You die...

...............
...............
...............
...............
...............
.......Z.......
......ZZZ......
.....ZZ@Z......
......Z.Z......
...............
...............
...............
...............
...............
...............


You could see 2 adder zombies, a rat zombie, a hound zombie, 2 gnoll zombies, an
orc zombie, an elf zombie and a human zombie.

Vanquished Creatures
  The ghost of MoonlitKnight the Vexing, an amateur DEAM (D:3)
  A sky beast (D:5)
  An ogre (D:4)
  An elf zombie (D:5)
  4 elf skeletons (D:5)
  A human zombie (D:5)
  An orc priest (D:4)
  Jessica (D:2)
  3 human skeletons (D:5)
  An orc wizard (D:3)
  2 gnolls (D:2)
  4 adders
  An ooze (D:3)
  4 worms
  2 dart slugs
  2 leopard geckos
  6 orcs
  7 bats
  A giant cockroach (D:3)
  A gnoll zombie (Ossuary)
  9 goblins
  8 hobgoblins
  7 jackals
  4 quokkas (D:2)
  3 ball pythons
  9 frilled lizards
  2 jackal zombies (Ossuary)
  6 kobolds
  2 orc skeletons (D:5)
  A quokka skeleton (D:4)
  13 rats
109 creatures vanquished.

Vanquished Creatures (others)
  42 plants (D:2)
42 creatures vanquished.

Grand Total: 151 creatures vanquished

Notes
Turn   | Place    | Note
-------+----------+-------------------------------------------
     0 | D:1      | HoaS the Ghoul Gladiator began the quest for the Orb.
     0 | D:1      | Reached XP level 1. HP: 17/17 MP: 0/0
   210 | D:1      | Reached XP level 2. HP: 24/24 MP: 1/1
   250 | D:1      | Reached skill level 4 in Unarmed Combat
   341 | D:1      | Reached XP level 3. HP: 28/29 MP: 2/2
   768 | D:2      | Reached skill level 5 in Unarmed Combat
   781 | D:2      | Found an ornate altar of the Wu Jian Council.
   792 | D:2      | Reached XP level 4. HP: 33/36 MP: 3/3
   888 | D:2      | Noticed Jessica
   900 | D:2      | Killed Jessica
  1104 | D:2      | Reached skill level 6 in Unarmed Combat
  1127 | D:2      | Found a shadowy altar of Dithmenos.
  1138 | D:2      | Found a snail-covered altar of Cheibriados.
  1146 | D:2      | Reached XP level 5. HP: 26/41 MP: 4/4
  1273 | D:2      | Found a stormy altar of Qazlal.
  1424 | D:2      | Found a shimmering blue altar of Sif Muna.
  1436 | D:2      | Found a blossoming altar of Fedhas.
  2353 | D:3      | Found a runed translucent door.
  2356 | D:3      | Noticed MoonlitKnight's ghost (amateur DEAM)
  2590 | D:3      | Killed MoonlitKnight's ghost
  2591 | D:3      | Reached skill level 7 in Unarmed Combat
  2591 | D:3      | Reached XP level 6. HP: 40/48 MP: 5/5
  2803 | D:4      | Reached skill level 8 in Unarmed Combat
  2880 | D:4      | Reached XP level 7. HP: 21/55 MP: 6/6
  3254 | D:5      | Entered Level 5 of the Dungeon
  3420 | D:5      | Reached skill level 9 in Unarmed Combat
  3487 | D:5      | Reached skill level 10 in Unarmed Combat
  3500 | D:5      | Reached XP level 8. HP: 21/61 MP: 7/7
  3502 | D:5      | Found a sand-covered staircase.
  3516 | Ossuary  | Entered an ossuary
  3529 | Ossuary  | Slain by a gnoll zombie

Illustrated notes

Levels and vault maps discovered:
D:1:      tarquinn_simple_flora_water_a, layout_basic, corner_web_ring
D:2:      wad_woods_stonehenge, layout_basic, overflow_temple_1_default,
          general_overflow_altar, grunt_temple_overflow_open, grunt_decor_cap,
          uniq_jessica
D:3:      layout_basic, ebering_ghost_reflecting_pool, minmay_bisected
D:4:      layout_rooms, serial_bayou, serial_bayou_pond_e,
          serial_bayou_crossing, serial_bayou_pond_d, serial_bayou_pond_a
D:5:      layout_gridville, nicolae_ossuary_entry_catacombs,
          kennysheep_big_empty_room, uniq_eustachio
Ossuary:  ossuary_minmay_tomb_2a

Skill      XL: |  1  2  3  4  5  6  7 |
---------------+----------------------+-----
Unarmed Combat | 4 5 6 7 8 10 | 10.3
Fighting       | |  2.1
Throwing       | |  1.7
Dodging        | |  2.6

Action                   |  1- 3 |  4- 6 |  7- 9 || total
-------------------------+-------+-------+-------++-------
Melee: Unarmed           |   123 |   151 |   105 ||   379
       Punch             |     3 |     6 |     5 ||    14
  Use: Scroll            |     4 |     3 |       ||     7
Armor: Leather armour    |     6 |       |       ||     6
       Scale mail        |    66 |    53 |    46 ||   165
Dodge: Dodged            |    82 |    83 |    40 ||   205

Table legend: (Time is in decaauts)
 A = Elapsed time spent in this place.
 B = Non-inter-level travel time spent in this place.
 C = Inter-level travel time spent in this place.
 D = Time resting spent in this place.
 E = Time spent auto-exploring this place.
 F = Levels seen in this place.
 G = Mean time per level.
                   A        B        C        D        E       F      G
               +--------+--------+--------+--------+--------+-----+--------+
         Total |   3505 |   3303 |    202 |    566 |   2053 |   6 |  584.2 |
       Dungeon |   3494 |   3292 |    202 |    566 |   2053 |   5 |  698.8 |
       Ossuary |     11 |     11 |      0 |      0 |      0 |   1 |   11.0 |
               +--------+--------+--------+--------+--------+-----+--------+

Top non-repeatable levels by time:
     D:2: 1066 daAuts
     D:3: 889 daAuts
     D:1: 694 daAuts
     D:4: 597 daAuts
     D:5: 246 daAuts
 Ossuary: 11 daAuts
